 Dungeon Crawl Stone Soup version 0.27.1-33-g824d729ab1 (console) character file.

Game seed: 7781613250200396999

4052 Banquo the Cleaver (level 10, -9/70 HPs)
             Began as a Djinni Berserker on Dec 29, 2021.
             Was an Elder of Trog.
             Mangled by a troll (14 damage)
             ... on level 8 of the Dungeon.
             The game lasted 00:25:48 (8110 turns).

Banquo the Cleaver (Djinni Berserker)               Turns: 8110, Time: 00:25:48

Health: -9/70      AC: 13    Str: 16    XL:     10   Next: 48%
Gold:   117        EV: 16    Int: 11    God:    Trog [****..] SH:  0 Dex: 14

rFire    + + .     SeeInvis .   a - +2 war axe (venom)
rCold    x . .     Faith    .   (no shield)
rNeg     . . .     Spirit   .   d - +3 ring mail
rPois    ∞         Reflect  .   h - +0 helmet
rElec    .         Harm     .   e - +0 cloak
rCorr    .         Rampage  .   g - +0 pair of gloves
Will     +++..                  (boots unavailable)
Stlth    +.........             (no amulet)
HPRegen  1.21/turn              u - +4 ring of evasion
MPRegen  0.00/turn              (no ring)

@: strong-willed, on berserk cooldown, flying, regenerating, slowed, very slow
A: sickness immunity, fire resistance 2, cold vulnerability 1, float, innate
caster, hp casting, extra vitality 1
a: Renounce Religion, Berserk, Trog's Hand, Brothers in Arms


You were on level 8 of the Dungeon.
You worshipped Trog.
Trog was greatly pleased with you.
You visited 2 branches of the dungeon, and saw 9 of its levels.

You collected 273 gold pieces.
You spent 156 gold pieces at shops.

Inventory:

Hand Weapons
 a - a +2 war axe of venom (weapon)
 b - a +1 whip of electrocution
 k - a +1 flail of protection
 o - a +0 vampiric short sword
 s - a +0 hunting sling
 A - a +0 trident
 B - a +0 hand axe
 K - a +1 whip of flaming
Missiles
 c - 242 stones (quivered)
 l - 38 poisoned darts
 n - a throwing net
 q - 8 javelins
 L - 16 sling bullets
 M - 5 boomerangs
Armour
 d - a +3 ring mail (worn)
 e - a +0 cloak (worn)
 g - a +0 pair of gloves (worn)
 h - a +0 helmet (worn)
 j - a +0 chain mail
 C - a +0 pair of gloves
 G - a +0 helmet
Jewellery
 u - a +4 ring of evasion (left hand)
 y - a ring of wizardry
 J - an amulet of guardian spirit
Wands
 x - a wand of paralysis (4)
Scrolls
 i - 2 scrolls of enchant weapon {unknown}
 m - 3 scrolls of fog {unknown}
 z - 2 scrolls of magic mapping {unknown}
 F - a scroll of enchant armour {unknown}
 H - a scroll of blinking {unknown}
 I - 2 scrolls of immolation {unknown}
Potions
 f - 2 potions of brilliance {unknown}
 p - a potion of berserk rage
 r - 5 potions of curing {unknown}
 t - a potion of cancellation
 v - a potion of might {unknown}
 w - 2 potions of resistance
 D - a potion of lignification {unknown}
 E - a potion of ambrosia {unknown}


   Skills:
 + Level 5.4 Fighting
 * Level 10.1 Axes
 * Level 6.8 Armour
 + Level 4.2 Dodging


You had one spell level left.
You knew the following spells:

 Your Spells              Type           Power      Damage    Failure   Level
a - Pain                  Necr           0%         1d4       52%         1
b - Searing Ray           Conj           0%         3d3       67%         2
c - Poisonous Vapours     Pois/Air       0%         N/A       67%         2
d - Portal Projectile     Hex/Tloc       0%         N/A       88%         3
Your spell library was empty.

Dungeon Overview and Level Annotations

Branches:
Dungeon (8/15)             Temple (1/1) D:5
   Lair: D:8-11

Altars:
Ashenzari
Dithmenos
Elyvilon
Fedhas
Gozag
Hepliaklqana
Kikubaaqudgha
Nemelex Xobeh
Okawaru
Qazlal
Ru
Sif Muna
Trog
Uskayaw
Wu Jian
Xom
Yredelemnul
The Shining One

Shops:
D:2 (

Annotations:
D:8 Harold


Innate Abilities, Weirdness & Mutations

You are immune to sickness and miasma.
You are immune to poison.
Your flesh is very heat resistant. (rF++)
You are vulnerable to cold. (rC-)
You float through the air rather than walking.
You learn spells naturally, not from books.
Your magical power is your life essence.
You have superior vitality. (+4 HP)


Message History

The gnoll misses you.
Unknown command.
You kill the steam dragon!
Trog accepts your kill.
Your ogre barely misses the gnoll.
The troll bites you!
* * * LOW HITPOINT WARNING * * *
The troll claws you!
* * * LOW HITPOINT WARNING * * *
The troll claws you but does no damage. The troll bites you but does no damage.
The troll claws you but does no damage. x2
Things that are here:
a +0 spear; a +0 scale mail; a gnoll corpse Your ogre misses the gnoll.
Your ogre barely misses the gnoll.
Your ogre closely misses the gnoll.
The troll bites you but does no damage. The troll claws you but does no damage.
The troll closely misses you. The gnoll misses you.
The gnoll closely misses your ogre. The troll bites you but does no damage.
The troll claws you but does no damage. The troll closely misses you.
Your ogre hits the troll with a +0 giant club!!
The gnoll hits something with a +0 spear!
The troll bites something.
The troll claws something.
The troll claws something!
The troll shouts!
Found an escape hatch in the ceiling.
The gnoll hits you but does no damage. The troll bites you.
* * * LOW HITPOINT WARNING * * *
The troll claws you but does no damage. x2
The troll misses you. The troll barely misses you.
The troll completely misses you. The troll completely misses you.
The troll claws you.
* * * LOW HITPOINT WARNING * * *
The troll claws you but does no damage.
Your skin crawls.
You feel strong-willed.
The gnoll hits you from afar with a +0 spear.
* * * LOW HITPOINT WARNING * * *
The troll misses you. The troll closely misses you.
The troll completely misses you. The gnoll misses you. The troll bites you!
You die...

..........# .
..........# ....
........>.# ##.....
#.)...<..####......
##......))....#..####
......####...###.#....
.....................
..###.###..##....#..
..###..##@###..###
........T##...<.#
.......g##g.###..#
.......g##.### #..#
###..........# #..#
......?......# ###
.............#
.............#
.............#


You could see a troll and 2 gnolls.

Vanquished Creatures
  Pikel (D:6)
  Joseph (D:7)
  A hornet (D:7)
  Prince Ribbit (D:7)
  Sigmund (D:3)
  2 steam dragons
  Edmund (D:5)
  A water moccasin (D:5)
  2 black bears (D:6)
  An ogre (D:7)
  2 necrophages
  A centaur (D:6)
  A bullfrog (D:7)
  A gnoll sergeant (D:8)
  2 scorpions (D:5)
  3 water moccasin zombies (D:5)
  A water moccasin skeleton (D:4)
  4 howler monkeys
  4 centaur zombies
  3 bullfrog zombies (D:5)
  A jelly (D:5)
  2 hounds
  2 centaur skeletons (D:5)
  An orc priest (D:6)
  4 bullfrog skeletons
  A gnoll shaman (D:5)
  5 iguanas
  2 orc wizards
  2 scorpion zombies (D:5)
  A killer bee zombie (D:8)
  A hound skeleton (D:4)
  A howler monkey zombie (D:5)
  Robin (D:2)
  14 gnolls
  8 adders
  A white imp (D:6)
  2 adder skeletons (D:4)
  A worm (D:3)
  2 dart slugs
  22 orcs
  6 ball pythons
  7 endoplasms
  6 giant cockroaches
  17 goblins
  9 hobgoblins
  2 jackals (D:3)
  9 kobolds
  3 quokkas
  6 bats
  6 frilled lizards
  7 rats
186 creatures vanquished.

Vanquished Creatures (others)
  14 plants (D:3)
  A withered plant (D:5)
15 creatures vanquished.

Grand Total: 201 creatures vanquished

Notes
Turn   | Place    | Note
-------+----------+-------------------------------------------
     0 | D:1      | Banquo the Djinni Berserker began the quest for the Orb.
     0 | D:1      | Reached XP level 1. HP: 20/20 MP: 0/0
   117 | D:1      | Reached XP level 2. HP: 25/25 MP: 0/0
   171 | D:1      | Reached skill level 3 in Axes
   547 | D:1      | Found a faded altar of an unknown god.
   554 | D:1      | Reached XP level 3. HP: 20/30 MP: 0/0
   554 | D:1      | Learned a level 1 spell: Pain
  1381 | D:2      | Noticed Robin
  1387 | D:2      | Reached ** piety under Trog
  1391 | D:2      | Reached XP level 4. HP: 26/35 MP: 0/0
  1398 | D:2      | Killed Robin
  1646 | D:2      | Reached skill level 4 in Axes
  1817 | D:2      | Reached XP level 5. HP: 40/40 MP: 0/0
  1817 | D:2      | Learned a level 2 spell: Searing Ray
  2013 | D:2      | Found Esaiqig's Antique Weapon Shoppe.
  2814 | D:3      | Noticed a necrophage
  2864 | D:3      | Noticed Sigmund
  2940 | D:3      | Killed a necrophage
  2941 | D:3      | Reached XP level 6. HP: 46/46 MP: 0/0
  3026 | D:3      | Killed Sigmund
  3027 | D:3      | Reached skill level 5 in Axes
  3027 | D:3      | Reached XP level 7. HP: 50/50 MP: 0/0
  3027 | D:3      | Learned a level 2 spell: Poisonous Vapours
  3278 | D:3      | Reached *** piety under Trog
  4127 | D:2      | Bought a glowing war axe for 156 gold pieces
  4674 | D:5      | Entered Level 5 of the Dungeon
  4735 | D:5      | Reached skill level 6 in Axes
  4736 | D:5      | Reached XP level 8. HP: 55/58 MP: 0/0
  4764 | D:5      | Found a staircase to the Ecumenical Temple.
  4770 | Temple   | Entered the Ecumenical Temple
  5302 | D:5      | Reached **** piety under Trog
  5378 | D:5      | Reached skill level 7 in Axes
  5409 | D:5      | Noticed Edmund
  5416 | D:5      | Killed Edmund
  5662 | D:5      | Found a shadowy altar of Dithmenos.
  5663 | D:5      | Found a basalt altar of Yredelemnul.
  5665 | D:5      | Found a shimmering altar of Xom.
  5665 | D:5      | Found a blossoming altar of Fedhas.
  5667 | D:5      | Found an iron altar of Okawaru.
  5667 | D:5      | Found an ornate altar of the Wu Jian Council.
  5668 | D:5      | Found a glowing golden altar of the Shining One.
  5687 | D:5      | Reached skill level 5 in Armour
  5687 | D:5      | Reached XP level 9. HP: 63/63 MP: 0/0
  5687 | D:5      | Learned a level 3 spell: Portal Projectile
  6031 | D:5      | Found a hide-covered altar of Uskayaw.
  6217 | D:6      | Reached skill level 8 in Axes
  6990 | D:7      | Noticed Pikel
  7284 | D:6      | Killed Pikel
  7285 | D:6      | Reached skill level 9 in Axes
  7285 | D:6      | Reached XP level 10. HP: 67/69 MP: 0/0
  7319 | D:7      | Noticed Joseph
  7341 | D:7      | Killed Joseph
  7342 | D:7      | Reached skill level 5 in Fighting
  7668 | D:7      | Reached skill level 10 in Axes
  7817 | D:8      | Noticed Harold
  7817 | D:8      | Noticed a two-headed ogre
  7865 | D:8      | Noticed Prince Ribbit
  7886 | D:7      | Killed Prince Ribbit
  8109 | D:8      | HP: 3/70 [gnoll (5)]
  8110 | D:8      | Mangled by a troll

Illustrated notes

Levels and vault maps discovered:
D:1:      nzn_arrival_crosshair, layout_basic, ebering_ecumenical_altar_mist,
          hex_large
D:2:      layout_basic, serial_shops, shop, minmay_tromino_i2, uniq_robin
D:3:      layout_rooms, grunt_ministairs_5, hex_tiny, serial_bayou_lagoon_b,
          uniq_sigmund
D:4:      layout_gridville, kennysheep_small_square
D:5:      layout_basic, grunt_temple_overflow_open, nicolae_uskayaw_suspiria,
          minmay_temple_entry_grid, serial_undead, serial_undead_d,
          serial_undead_e, serial_undead_f, serial_undead_c,
          minmay_misc_feat_doors, kennysheep_another_room,
          kennysheep_generic_room_6, uniq_edmund
D:6:      layout_rooms
D:7:      layout_gridville, uniq_pikel, uniq_joseph
D:8:      minmay_slanted_spiral_squares, layout_rooms,
          grunt_temple_overflow_order_and_chaos_2, minivault_22, uniq_harold,
          uniq_prince_ribbit1, uniq_maggie
Temple:   dpeg_three_leaves_temple

Skill      XL: |  1  2  3  4  5  6  7  8  9 10 |
---------------+-------------------------------+-----
Axes           | 3 4 5 6 7 9 10 | 10.1
Armour         | 3 4 5 6 |  6.8
Dodging        | 3 4 |  4.2
Fighting       | 4 5 |  5.4

Action                   |  1- 3 |  4- 6 |  7- 9 | 10-12 || total
-------------------------+-------+-------+-------+-------++-------
Melee: Hand axe          |    85 |   111 |   119 |       ||   315
       War axe           |       |       |   293 |    63 ||   356
Invok: Berserk           |     1 |     3 |     1 |     2 ||     7
       Trog's Hand       |       |     1 |       |     1 ||     2
       Brothers in Arms  |       |       |       |     1 ||     1
  Use: Scroll            |       |       |     4 |     1 ||     5
Armor: Animal skin       |    14 |       |       |       ||    14
       Ring mail         |    28 |    53 |   164 |    51 ||   296
Dodge: Dodged            |    53 |    63 |   334 |    88 ||   538
